| TOP OF THE 1ST |
|
Savannah Indians batting - Pitching for Montgomery Rebels : LHP Tim Birtsas
|
|
Pitching: LHP Tim Birtsas
|
|
|
Batting: RHB Angel Salazar
|
0-0: Ball 1-0: Foul Ball, location: 2F 1-1: Ball 2-1: Ground out 5-3 (Groundball, 5, EV 97.5 MPH)
|
|
Batting: LHB Kelvin Torve
|
0-0: Called Strike 0-1: Ball 1-1: Ball 2-1: Ball 3-1: TRIPLE (Line Drive, 78XD, EV 106.9 MPH)
|
|
Batting: RHB Jim Paciorek
|
0-0: Ball 1-0: Fly out, F9 (Flyball, 89S, EV 76.3 MPH) Runner from 3rd tags up, OUT at HOME! 9-2
|
| Top of the 1st over - 0 runs, 1 hit, 0 errors, 0 left on base; Savannah 0 - Montgomery 0 |
| BOTTOM OF THE 1ST |
|
Montgomery Rebels batting - Pitching for Savannah Indians : LHP Frank DiPino
|
|
Pitching: LHP Frank DiPino
|
|
|
Batting: LHB Chris Stropolo
|
0-0: Called Strike 0-1: Ground out 6-3 (Groundball, 6S, EV 88.8 MPH)
|
|
Batting: LHB Dwayne Murphy
|
0-0: Ball 1-0: Ball 2-0: DOUBLE (Line Drive, 3D, EV 97.5 MPH)
|
|
Batting: LHB Greg Brock
|
0-0: Foul Ball, location: 2F 0-1: Called Strike 0-2: Ball 1-2: Foul Ball, location: 2F 1-2: Strikes out swinging
|
|
Batting: RHB John Guarino
|
0-0: Ball 1-0: Ball 2-0: Fly out, F7 (Flyball, 7S, EV 89.4 MPH)
|
| Bottom of the 1st over - 0 runs, 1 hit, 0 errors, 1 left on base; Savannah 0 - Montgomery 0 |
| TOP OF THE 2ND |
|
Savannah Indians batting - Pitching for Montgomery Rebels : LHP Tim Birtsas
|
|
Batting: RHB Wade Rowdon
|
0-0: Swinging Strike 0-1: Fly out, F4 (Line Drive, 4, EV 71.9 MPH)
|
|
Batting: RHB Ramiro Gutierrez
|
0-0: Called Strike 0-1: Ball 1-1: Ground out 6-3 (Groundball, 6, EV 83.1 MPH)
|
|
Batting: RHB Eddie Vargas
|
0-0: Ball 1-0: Called Strike 1-1: Called Strike 1-2: Strikes out swinging
|
| Top of the 2nd over - 0 runs, 0 hits, 0 errors, 0 left on base; Savannah 0 - Montgomery 0 |
| BOTTOM OF THE 2ND |
|
Montgomery Rebels batting - Pitching for Savannah Indians : LHP Frank DiPino
|
|
Batting: SHB Arthur Fischetti
|
0-0: Ball 1-0: Ball 2-0: Called Strike 2-1: Ball 3-1: Base on Balls
|
|
Batting: RHB Jeff Schumaker
|
0-0: Ball 1-0: Ball 2-0: Foul Ball, location: 2F 2-1: Grounds into double play, 4-6-3 (Groundball, 4, EV 93.1 MPH)
|
|
Batting: RHB Mike Colbern
|
0-0: DOUBLE (Flyball, 5D, EV 101.9 MPH)
|
|
Batting: SHB Billy Malpas
|
0-0: Ball 1-0: Called Strike 1-1: Ball 2-1: Ball 3-1: SINGLE (Line Drive, 7S, EV 93.8 MPH) Mike Colbern to third Runner from 3rd tries for Home, SAFE, throw by LF to home
|
|
Batting: RHB Paul O'Neill
|
0-0: Called Strike 0-1: Called Strike 0-2: Foul Ball, location: 2F 0-2: Ball 1-2: Ground out 5-3 (Groundball, 5S, EV 81.3 MPH)
|
| Bottom of the 2nd over - 1 run, 2 hits, 0 errors, 1 left on base; Savannah 0 - Montgomery 1 |
| TOP OF THE 3RD |
|
Savannah Indians batting - Pitching for Montgomery Rebels : LHP Tim Birtsas
|
|
Batting: RHB Mario Diaz
|
0-0: Ball 1-0: Called Strike 1-1: Foul Ball, location: 2F 1-2: Ball 2-2: Ball 3-2: Base on Balls
|
|
Batting: LHB Albert Castillo
|
0-0: Ball 1-0: Ball 2-0: Called Strike 2-1: Fielders Choice at 2nd, 5-4 (Groundball, 5, EV 85.0 MPH)
|
|
Batting: RHB Dan Plante
|
0-0: Foul Ball, location: 2F 0-1: Ball 1-1: Ball 2-1: Called Strike 2-2: Grounds into double play, 1-6-3 (Groundball, 13S, EV 67.5 MPH)
|
| Top of the 3rd over - 0 runs, 0 hits, 0 errors, 0 left on base; Savannah 0 - Montgomery 1 |
| BOTTOM OF THE 3RD |
|
Montgomery Rebels batting - Pitching for Savannah Indians : LHP Frank DiPino
|
|
Batting: LHB Chris Stropolo
|
0-0: Ball 1-0: Foul Ball, location: 2F 1-1: Ball 2-1: Foul Ball, location: 2F 2-2: Ball 3-2: Strikes out swinging
|
|
Batting: LHB Dwayne Murphy
|
0-0: Called Strike 0-1: Fly out, F4 (Line Drive, 4, EV 61.3 MPH)
|
|
Batting: LHB Greg Brock
|
0-0: Ball 1-0: Ball 2-0: Swinging Strike 2-1: Foul Ball, location: 2F 2-2: Fly out, F8 (Line Drive, 8RM, EV 88.8 MPH)
|
| Bottom of the 3rd over - 0 runs, 0 hits, 0 errors, 0 left on base; Savannah 0 - Montgomery 1 |
| TOP OF THE 4TH |
|
Savannah Indians batting - Pitching for Montgomery Rebels : LHP Tim Birtsas
|
|
Batting: RHB Angel Salazar
|
0-0: Ball 1-0: Foul Ball, location: 2F 1-1: TRIPLE (Flyball, 9LD, EV 103.1 MPH)
|
|
Batting: LHB Kelvin Torve
|
0-0: Swinging Strike 0-1: Swinging Strike 0-2: Strikes out looking
|
|
Batting: RHB Jim Paciorek
|
0-0: Swinging Strike 0-1: Foul Ball, location: 2F 0-2: Foul Ball, location: 2F 0-2: Strikes out swinging
|
|
Batting: RHB Wade Rowdon
|
0-0: Ball 1-0: Called Strike 1-1: Foul Ball, location: 2F 1-2: Fly out, F8 (Flyball, 8LD, EV 88.8 MPH)
|
| Top of the 4th over - 0 runs, 1 hit, 0 errors, 1 left on base; Savannah 0 - Montgomery 1 |
| BOTTOM OF THE 4TH |
|
Montgomery Rebels batting - Pitching for Savannah Indians : LHP Frank DiPino
|
|
Batting: RHB John Guarino
|
0-0: Swinging Strike 0-1: Ball 1-1: Ball 2-1: Ball 3-1: Base on Balls
|
|
Batting: SHB Arthur Fischetti
|
0-0: Ball 1-0: Ball 2-0: Swinging Strike 2-1: Ball 3-1: Fly out, F5 (Flyball, 5D, EV 86.3 MPH)
|
|
Batting: RHB Jeff Schumaker
|
0-0: Swinging Strike 0-1: Ball 1-1: Fly out, F9 (Line Drive, 9, EV 101.3 MPH)
|
|
Batting: RHB Mike Colbern
|
0-0: Ball 1-0: Ball 2-0: Called Strike 2-1: Ball 3-1: Base on Balls John Guarino to second
|
|
Batting: SHB Billy Malpas
|
0-0: Foul Ball, location: 2F 0-1: Ground out 6-3 (Groundball, P, EV 83.8 MPH)
|
| Bottom of the 4th over - 0 runs, 0 hits, 0 errors, 2 left on base; Savannah 0 - Montgomery 1 |
| TOP OF THE 5TH |
|
Savannah Indians batting - Pitching for Montgomery Rebels : LHP Tim Birtsas
|
|
Batting: RHB Ramiro Gutierrez
|
0-0: Fly out, F9 (Flyball, 9D, EV 81.3 MPH)
|
|
Batting: RHB Eddie Vargas
|
0-0: Swinging Strike 0-1: Ball 1-1: Swinging Strike 1-2: Strikes out swinging
|
|
Batting: RHB Mario Diaz
|
0-0: Fly out, F7 (Flyball, 78M, EV 91.3 MPH)
|
| Top of the 5th over - 0 runs, 0 hits, 0 errors, 0 left on base; Savannah 0 - Montgomery 1 |
| BOTTOM OF THE 5TH |
|
Montgomery Rebels batting - Pitching for Savannah Indians : LHP Frank DiPino
|
|
Batting: RHB Paul O'Neill
|
0-0: Ball 1-0: Ball 2-0: Ball 3-0: Called Strike 3-1: Ground out 5-3 (Groundball, 5S, EV 86.9 MPH)
|
|
Batting: LHB Chris Stropolo
|
0-0: Ball 1-0: Ball 2-0: Ball 3-0: Base on Balls
|
|
Batting: LHB Dwayne Murphy
|
0-0: Called Strike 0-1: Ball 1-1: Called Strike 1-2: Strikes out swinging
|
|
Batting: LHB Greg Brock
|
0-0: Ball 1-0: Ground out 4-3 (Groundball, 34, EV 81.9 MPH)
|
| Bottom of the 5th over - 0 runs, 0 hits, 0 errors, 1 left on base; Savannah 0 - Montgomery 1 |
| TOP OF THE 6TH |
|
Savannah Indians batting - Pitching for Montgomery Rebels : LHP Tim Birtsas
|
|
Batting: LHB Albert Castillo
|
0-0: Foul Ball, location: 2F 0-1: Called Strike 0-2: Ball 1-2: Ball 2-2: Ball 3-2: Fly out, F8 (Flyball, 89M, EV 93.1 MPH)
|
|
Batting: RHB Dan Plante
|
0-0: Ball 1-0: Ball 2-0: Ball 3-0: Base on Balls
|
|
Batting: RHB Angel Salazar
|
0-0: Fielders Choice at 2nd, 4-6 (Groundball, 34, EV 92.5 MPH)
|
|
Batting: LHB Kelvin Torve
|
0-0: Ball 1-0: Ground out 4-3 (Groundball, 34D, EV 80.0 MPH)
|
| Top of the 6th over - 0 runs, 0 hits, 0 errors, 1 left on base; Savannah 0 - Montgomery 1 |
| BOTTOM OF THE 6TH |
|
Montgomery Rebels batting - Pitching for Savannah Indians : LHP Frank DiPino
|
|
Batting: RHB John Guarino
|
0-0: Ball 1-0: Ball 2-0: Fly out, F8 (Line Drive, 8LM, EV 93.8 MPH)
|
|
Batting: SHB Arthur Fischetti
|
0-0: Swinging Strike 0-1: Ball 1-1: Foul Ball, location: 2F 1-2: Ball 2-2: Foul Ball, location: 2F 2-2: Foul Ball, location: 2F 2-2: Ball 3-2: Fly out, F9 (Flyball, 9LM, EV 94.4 MPH)
|
|
Batting: RHB Jeff Schumaker
|
0-0: Ball 1-0: Ball 2-0: Reached on error, E5 (Groundball, 5, EV 87.5 MPH)
|
|
Batting: RHB Mike Colbern
|
0-0: Fly out, F7 (Flyball, 78S, EV 88.8 MPH)
|
| Bottom of the 6th over - 0 runs, 0 hits, 1 error, 1 left on base; Savannah 0 - Montgomery 1 |
| TOP OF THE 7TH |
|
Savannah Indians batting - Pitching for Montgomery Rebels : LHP Tim Birtsas
|
|
Batting: RHB Jim Paciorek
|
0-0: Called Strike 0-1: Ball 1-1: Ball 2-1: Ball 3-1: Base on Balls
|
|
Batting: RHB Wade Rowdon
|
0-0: Ball 1-0: Fielders Choice at 2nd, 5-4 (Groundball, 5L, EV 86.9 MPH)
|
|
Batting: RHB Ramiro Gutierrez
|
0-0: Ball 1-0: Ball 2-0: Ball 3-0: Called Strike 3-1: Fly out, F8 (Flyball, 8LD, EV 101.3 MPH)
|
|
Batting: RHB Eddie Vargas
|
0-0: Ball 1-0: Called Strike 1-1: Ball 2-1: Ball 3-1: Foul Ball, location: 2F 3-2: Foul Ball, location: 2F 3-2: SINGLE (Groundball, 56S, EV 69.4 MPH) (infield hit) Wade Rowdon to second
|
|
Batting: RHB Mario Diaz
|
0-0: Fly out, F9 (Flyball, 89S, EV 89.4 MPH)
|
| Top of the 7th over - 0 runs, 1 hit, 0 errors, 2 left on base; Savannah 0 - Montgomery 1 |
| BOTTOM OF THE 7TH |
|
Montgomery Rebels batting - Pitching for Savannah Indians : LHP Frank DiPino
|
|
Batting: SHB Billy Malpas
|
0-0: Ball 1-0: Called Strike 1-1: Ball 2-1: Foul Ball, location: 2F 2-2: Foul Ball, location: 2F 2-2: Ball 3-2: Fly out, F2 (Popup, 13S, EV 85.0 MPH)
|
|
Batting: RHB Paul O'Neill
|
0-0: Foul Ball, location: 2F 0-1: Ball 1-1: Reached on error, E5 (Groundball, 5, EV 83.8 MPH)
|
|
Batting: LHB Chris Stropolo
|
0-0: Ball 1-0: Foul Ball, location: 2F 1-1: Called Strike 1-2: Ball 2-2: Fielders Choice at 2nd, 4-6 (Groundball, 34, EV 98.8 MPH)
|
|
Batting: LHB Dwayne Murphy
|
0-0: Ball 1-0: Called Strike 1-1: Ball 2-1: Called Strike 2-2: Ground out 4-3 (Groundball, 4, EV 90.0 MPH)
|
| Bottom of the 7th over - 0 runs, 0 hits, 1 error, 1 left on base; Savannah 0 - Montgomery 1 |
| TOP OF THE 8TH |
|
Savannah Indians batting - Pitching for Montgomery Rebels : LHP Tim Birtsas
|
|
Batting: LHB Albert Castillo
|
0-0: Swinging Strike 0-1: Foul Ball, location: 2F 0-2: Ball 1-2: Foul Ball, location: 2F 1-2: Foul Ball, location: 2F 1-2: Ground out 1-3 (Groundball, 13S, EV 68.8 MPH)
|
|
Batting: RHB Dan Plante
|
0-0: Foul Ball, location: 2F 0-1: Foul Ball, location: 2F 0-2: Strikes out looking
|
|
Batting: RHB Angel Salazar
|
0-0: Ball 1-0: Ball 2-0: Ground out 6-3 (Groundball, 56S, EV 86.9 MPH)
|
| Top of the 8th over - 0 runs, 0 hits, 0 errors, 0 left on base; Savannah 0 - Montgomery 1 |
| BOTTOM OF THE 8TH |
|
Montgomery Rebels batting - Pitching for Savannah Indians : LHP Frank DiPino
|
|
Batting: LHB Greg Brock
|
0-0: Called Strike 0-1: Ball 1-1: Ground out U3 (Groundball, 34, EV 105.0 MPH)
|
|
Batting: RHB John Guarino
|
0-0: Foul Ball, location: 2F 0-1: Swinging Strike 0-2: Ball 1-2: Ground out 4-3 (Groundball, 4D, EV 103.1 MPH)
|
|
Batting: SHB Arthur Fischetti
|
0-0: Ball 1-0: Ball 2-0: Foul Ball, location: 2F 2-1: Called Strike 2-2: DOUBLE (Line Drive, 89D, EV 107.5 MPH)
|
|
Batting: RHB Jeff Schumaker
|
0-0: Ball 1-0: Called Strike 1-1: Ground out 6-3 (Groundball, 6MS, EV 88.8 MPH)
|
| Bottom of the 8th over - 0 runs, 1 hit, 0 errors, 1 left on base; Savannah 0 - Montgomery 1 |
| TOP OF THE 9TH |
|
Savannah Indians batting - Pitching for Montgomery Rebels : LHP Tim Birtsas
|
|
Batting: LHB Kelvin Torve
|
0-0: Fly out, F7 (Flyball, 7D, EV 101.9 MPH)
|
|
Batting: RHB Jim Paciorek
|
0-0: Called Strike 0-1: Ball 1-1: Ground out 6-3 (Groundball, 6D, EV 106.9 MPH)
|
|
Batting: RHB Wade Rowdon
|
0-0: Ball 1-0: Swinging Strike 1-1: Ball 2-1: Foul Ball, location: 2F 2-2: SINGLE (Groundball, 4MD, EV 96.9 MPH)
|
|
Batting: RHB Ramiro Gutierrez
|
0-0: Ground out 6-3 (Groundball, 56S, EV 90.6 MPH)
|
| Top of the 9th over - 0 runs, 1 hit, 0 errors, 1 left on base; Savannah 0 - Montgomery 1 |
|